 Dungeon Crawl Stone Soup version 0.18-a0-20-gaede791 (webtiles) character file.

18 Hedron the Insei (level 2, -1/18 HPs)
             Began as an Octopode Transmuter on Nov 2, 2015.
             Slain by a worm (11 damage)
             ... on level 2 of the Dungeon.
             The game lasted 00:02:07 (1102 turns).

Hedron the Insei (Octopode Transmuter)              Turns: 1102, Time: 00:02:07

Health: -1/18      AC:  1    Str:  9    XL:     2   Next: 70%
Magic:  5/5        EV: 12    Int: 15    God:
Gold:   33         SH:  0    Dex: 12    Spells: 2 memorised, 2 levels left

rFire  . . .     SeeInvis .       - Unarmed
rCold  . . .     Clarity  .     (no shield)
rNeg   . . .     SustAt   .     (helmet restricted)
rPois  .         Gourm    .     (no amulet)
rElec  .         Spirit   .     (no ring)
rCorr  .         Warding  .     (no ring)
rMut   .         Stasis   .     (no ring)
MR     .....                    (no ring)
Stlth  ++........               (no ring)
                                (no ring)
                                (no ring)
                                (no ring)

@: appendage (expiring), not resistant to hostile enchantments, unstealthy
A: almost no armour, amphibious, 8 rings, constrict 8, tentacle spike 3,
camouflage 1, gelatinous body 1
a: End Transformation


You were on level 2 of the Dungeon.
You were not hungry.
One of your tentacles had a temporary spike.
You visited 1 branch of the dungeon, and saw 2 of its levels.

You collected 33 gold pieces.

Inventory:

Missiles
 a - 12 arrows
 d - 28 stones (quivered)
 k - 7 exploding tomahawks
 l - 17 poisoned needles
Scrolls
 h - a scroll of noise {unknown}
Potions
 e - a potion of curing {unknown}
Books
 b - a book of Changes

   Spells                             Type                      Level
   a - Beastly Appendage              Transmutation                1
   b - Sticks to Snakes               Transmutation                2
   c - Spider Form                    Transmutation/Poison         3
   d - Ice Form                       Ice/Transmutation            4
   e - Blade Hands                    Transmutation                5
Comestibles
 c - a bread ration
 f - a beef jerky
 g - a chunk of flesh
 i - 5 fruits
 j - a meat ration


   Skills:
 - Level 1.0 Fighting
 - Level 2.0 Dodging
 * Level 3.5 Unarmed Combat
 + Level 2.2 Spellcasting
 + Level 2.2 Transmutations


You had 2 spell levels left.
You knew the following spells:

 Your Spells              Type           Power        Failure   Level  Hunger
a - Beastly Appendage     Trmt           #.....       12%         1    #......
b - Sticks to Snakes      Trmt           #.........   14%         2    ###....


Dungeon Overview and Level Annotations

Branches:
Dungeon (2/15)

Altars:


Innate Abilities, Weirdness & Mutations

You cannot wear most types of armour.
You are amphibious.
You can wear up to eight rings at the same time.
You can use your tentacles to constrict eight enemies at once.
Your skin changes colour to match your surroundings (Stealth).
Your rubbery body absorbs attacks (AC +1).
One of your tentacles bears a large vicious spike.


Message History

Some of the chunks of flesh in your inventory have rotted away.
You tentacle-slap the worm. You grab the worm.
You pierce the worm, but do no damage.
The worm is lightly wounded.
You constrict the worm. You completely miss the worm.
The worm is lightly wounded.
You constrict the worm. The worm bites you!
You tentacle-slap the worm. You squeeze the worm, but do no damage.
The worm is moderately wounded.
Your transformation is almost over.
You constrict the worm. You tentacle-slap the worm.
Your tentacle spike misses the worm.
The worm is heavily wounded.
You constrict the worm. The worm misses you.
You tentacle-slap the worm.
You pierce the worm, but do no damage.
The worm is almost dead.
You constrict the worm. The worm bites you!
Ouch! That really hurt!
You die...

#####################
#..<รท................
###########.......#
#...@......+
#.##w......#
............+
###$#........# #
#..........
#.?..........
##...........
............
#########....


You could see a worm.

Vanquished Creatures
  2 goblins (D:1)
  5 hobgoblins (D:1)
  4 bats (D:1)
  A giant newt (D:2)
  2 kobolds (D:1)
  4 rats
18 creatures vanquished.

Notes
Turn   | Place    | Note
--------------------------------------------------------------
     0 | D:1      | Hedron the Octopode Transmuter began the quest for the Orb.
     0 | D:1      | Reached XP level 1. HP: 13/13 MP: 3/3
   415 | D:1      | Reached XP level 2. HP: 16/18 MP: 5/5
   442 | D:1      | Learned a level 2 spell: Sticks to Snakes
  1102 | D:2      | Slain by a worm

Vault maps used:
D:1:      wheals_arrival_linesprint, grunt_decor_arrowhead
D:2:      minmay_misc_feat_iff, xom_teletrap_fun, uniq_sigmund, uniq_terence,
          uniq_iyjb

Action                   || total
-------------------------++-------
Melee: Unarmed           ||    41
 Cast: Beastly Appendage ||     8
  Use: Scroll            ||     1
 Stab: Sleeping          ||     3
       Distracted        ||     1
  Eat: Chunk             ||     1
